[Event "Titled Tuesday Blitz August 1 Early 2023"]
[White "Ferro, Mario"]
[Black "Tikhonov, Viacheslav"]
[WhiteFideId "810290"]
[BlackFideId "44196407"]
[WhiteElo "2326"]
[BlackElo "2499"]
[Result "0-1"]
[Round "6"]
[TimeControl "180+1"]
[Date "2023.08.01"]
[WhiteClock "0:00:31"]
[BlackClock "0:00:23"]
[Board "131"]

1. d4 Nf6 2. Nf3 g6 3. g3 Bg7 4. Bg2 O-O 5. O-O d5 6. c4 c6 7. cxd5 cxd5 8. Nc3 Ne4 9. Ne5 Nxc3 10. bxc3 Nd7 11. Nxd7 Qxd7 12. Ba3 Re8 13. Qb3 e6 14. e3 b6 15. c4 dxc4 16. Qxc4 Bb7 17. Rac1 Rac8 18. Qb3 Bxg2 19. Kxg2 h5 20. h3 Qb7+ 21. Kg1 h4 22. g4 Qf3 23. Rxc8 Rxc8 24. Kh2 Qe2 25. Kg2 Rc2 26. Qa4 Rxa2 27. Qe8+ Kh7 28. Be7 Qxe3 29. Qxf7 Qg3+ 30. Kh1 Qxh3+ 31. Kg1 Qxg4+ 32. Kh1 h3 33. Rg1 Ra1 0-1


[Site "https://www.chess.com"]

[Event "Titled Tuesday Blitz August 1 Early 2023"]
[White "Gardezi, Arsal"]
[Black "Brunner, Nicolas"]
[WhiteFideId "30949521"]
[BlackFideId "620246"]
[WhiteElo "2281"]
[BlackElo "2489"]
[Result "1-0"]
[Round "6"]
[TimeControl "180+1"]
[Date "2023.08.01"]
[WhiteClock "0:01:24"]
[BlackClock "0:00:01"]
[Board "132"]

1. Nf3 c5 2. e4 e6 3. c3 d5 4. exd5 Qxd5 5. d4 Nf6 6. Nbd2 Nc6 7. Bc4 Qd8 8. dxc5 Bxc5 9. O-O O-O 10. Nb3 Bb6 11. Bg5 h6 12. Bh4 g5 13. Bg3 Ne4 14. Nfd4 Nxd4 15. Nxd4 Nxg3 16. hxg3 e5 17. Nf3 Qxd1 18. Raxd1 Bg4 19. Rd6 Bxf3 20. gxf3 Kg7 21. Rd7 Rad8 22. Rfd1 h5 23. b4 a5 24. R1d6 axb4 25. cxb4 Bc7 26. Rd3 Rc8 27. Bb3 b5 28. R3d5 h4 29. Rxb5 Bb8 30. Rbb7 h3 31. Rxf7+ Rxf7 32. Rxf7+ Kg6 33. Kh2 Rc3 34. Rb7 Bd6 35. Rb6 Rd3 36. Bc2 1-0


[Site "https://www.chess.com"]

[Event "Titled Tuesday Blitz August 1 Early 2023"]
[White "KrokerGuy"]
[Black "ilya2700"]
[WhiteElo "2483"]
[BlackElo "2070"]
[Result "1/2-1/2"]
[Round "6"]
[TimeControl "180+1"]
[Date "2023.08.01"]
[WhiteClock "0:00:02"]
[BlackClock "0:00:06"]
[Board "133"]

1. e4 c5 2. Nf3 e6 3. d4 cxd4 4. Nxd4 Nf6 5. Nc3 Nc6 6. Ndb5 Bb4 7. a3 Bxc3+ 8. Nxc3 d5 9. exd5 exd5 10. Bd3 O-O 11. O-O d4 12. Ne2 Bg4 13. Bg5 Qd6 14. Qd2 Bxe2 15. Bf4 Qd7 16. Bxe2 Rfe8 17. Bf3 Ne5 18. Bxe5 Rxe5 19. Rfe1 Rae8 20. Rxe5 Rxe5 21. Re1 Rxe1+ 22. Qxe1 h6 23. Qd2 b6 24. g3 Qd6 25. Qd3 Qe5 26. Kf1 Nd5 27. Qe4 Qxe4 28. Bxe4 Nf6 29. Bf3 Nd7 30. Ke2 Ne5 31. Bd5 Kf8 32. h3 Ke7 33. f4 Nd7 34. Kd3 Nf6 35. Kxd4 Nh5 36. Kc4 Nxg3 37. Kb5 Ne2 38. f5 Nf4 39. Bh1 Nxh3 40. Ka6 Nf2 41. Bf3 Kf6 42. Kxa7 Kxf5 43. Kxb6 g5 44. a4 g4 45. Bg2 h5 46. a5 h4 47. a6 h3 48. Bxh3 gxh3 49. a7 h2 50. a8=Q h1=Q 51. Qxh1 Nxh1 52. c4 Ke5 53. c5 Ng3 54. c6 Ne4 55. c7 Nd6 56. Kc6 f5 57. b4 f4 58. b5 f3 59. b6 f2 60. b7 f1=Q 61. b8=Q Qc4+ 62. Kd7 Qe6+ 63. Kc6 Nc8+ 64. Kb7 Nd6+ 65. Kc6 Nc8+ 66. Kb7 Nd6+ 67. Kc6 1/2-1/2


[Site "https://www.chess.com"]

[Event "Titled Tuesday Blitz August 1 Early 2023"]
[White "Mahdavi, Reza"]
[Black "Atanasov, Radislav"]
[WhiteFideId "12595926"]
[BlackFideId "2901471"]
[WhiteElo "2765"]
[BlackElo "2261"]
[Result "1-0"]
[Round "6"]
[TimeControl "180+1"]
[Date "2023.08.01"]
[WhiteClock "0:01:13"]
[BlackClock "0:00:00"]
[Board "134"]

1. e4 e5 2. Nf3 Nc6 3. Bb5 a6 4. Ba4 Nf6 5. O-O Nxe4 6. d4 b5 7. Bb3 d5 8. dxe5 Be6 9. c3 Bc5 10. Nbd2 O-O 11. Bc2 Nxf2 12. Rxf2 f6 13. Nf1 Bxf2+ 14. Kxf2 fxe5 15. Kg1 Bg4 16. Bb3 Bxf3 17. gxf3 Ne7 18. Bg5 c6 19. Qe2 Qd6 20. Bc2 Rae8 21. Re1 Ng6 22. Qg2 Nf4 23. Bxf4 Rxf4 24. Ng3 Qf8 25. Re3 Qc5 26. Qf2 e4 27. Kg2 Ref8 28. Bd1 exf3+ 29. Rxf3 d4 30. Rxf4 Qd5+ 31. Bf3 Rxf4 32. Bxd5+ cxd5 33. Qxf4 1-0


[Site "https://www.chess.com"]

[Event "Titled Tuesday Blitz August 1 Early 2023"]
[White "Csonka, Balazs"]
[Black "Stachanczyk, Jacek"]
[WhiteFideId "742910"]
[BlackFideId "1116657"]
[WhiteElo "2706"]
[BlackElo "2430"]
[Result "1-0"]
[Round "6"]
[TimeControl "180+1"]
[Date "2023.08.01"]
[WhiteClock "0:00:49"]
[BlackClock "0:00:00"]
[Board "135"]

1. d4 d5 2. c4 c6 3. Nc3 dxc4 4. e3 b5 5. a4 b4 6. Ne4 Qd5 7. Ng3 Nf6 8. Be2 a5 9. e4 Nxe4 10. Bf3 f5 11. Nh3 c5 12. O-O Qxd4 13. Qe2 Bb7 14. Rd1 Qf6 15. Nxe4 fxe4 16. Bxe4 Nc6 17. Qxc4 Rd8 18. Bg5 Qf7 19. Qb5 1-0


[Site "https://www.chess.com"]

[Event "Titled Tuesday Blitz August 1 Early 2023"]
[White "Koshulyan, Egor A."]
[Black "Vivas Zamora, Fabian Ernesto"]
[WhiteFideId "24237000"]
[BlackFideId "3902480"]
[WhiteElo "2654"]
[BlackElo "2427"]
[Result "1-0"]
[Round "6"]
[TimeControl "180+1"]
[Date "2023.08.01"]
[WhiteClock "0:02:19"]
[BlackClock "0:00:01"]
[Board "136"]

1. e4 c5 2. Nc3 d6 3. d4 cxd4 4. Qxd4 Nc6 5. Bb5 Bd7 6. Bxc6 Bxc6 7. Nf3 Nf6 8. Bg5 e6 9. O-O-O Be7 10. Qd3 O-O 11. Nd4 Qa5 12. f4 Rfc8 13. h4 Be8 14. Kb1 h6 15. g4 b5 16. e5 dxe5 17. fxe5 Rxc3 18. Qxc3 Qxc3 19. bxc3 hxg5 20. exf6 Bxf6 21. hxg5 Bxg5 22. Rhe1 Rc8 23. Kb2 Bf6 24. Rd3 a5 25. Nf3 b4 26. Ne5 Rc5 27. Rde3 bxc3+ 28. Kb3 Bc6 29. Rxc3 Bd5+ 30. Kb2 Rb5+ 31. Kc1 Bxa2 32. Rc8+ Kh7 33. Rh1+ 1-0


[Site "https://www.chess.com"]

[Event "Titled Tuesday Blitz August 1 Early 2023"]
[White "Davidson, Kevin"]
[Black "Voege, Tobias"]
[WhiteFideId "2056810"]
[BlackFideId "1270513"]
[WhiteElo "2422"]
[BlackElo "2652"]
[Result "1-0"]
[Round "6"]
[TimeControl "180+1"]
[Date "2023.08.01"]
[WhiteClock "0:00:03"]
[BlackClock "0:00:10"]
[Board "137"]

1. e4 c6 2. d4 d5 3. e5 c5 4. dxc5 Nc6 5. Bb5 Bf5 6. c3 e6 7. Be3 Qc7 8. Nf3 Ne7 9. O-O Bg4 10. Bd4 Ng6 11. Re1 a6 12. Bxc6+ Qxc6 13. b4 Be7 14. Nbd2 O-O 15. h3 Bxf3 16. Nxf3 f6 17. Qd2 f5 18. a4 h6 19. Reb1 Qd7 20. Qe3 f4 21. Qd3 Nh8 22. b5 g5 23. Nh2 h5 24. Qe2 axb5 25. axb5 Rxa1 26. Rxa1 Qe8 27. Ra7 Qb8 28. c6 Bd8 29. Rxb7 Qc8 30. Qxh5 Rf7 31. Rxf7 Nxf7 32. Ng4 Qa8 33. Qg6+ Kf8 34. Qxe6 Be7 35. Nf6 Qa1+ 36. Kh2 Qa8 37. c7 Bxf6 38. c8=Q+ Qxc8 39. Qxc8+ Bd8 40. b6 f3 41. gxf3 Ke7 42. b7 Nh6 43. b8=Q Ba5 44. Qbb7+ Bc7 45. Qcxc7+ Kf8 46. Qg7+ Ke8 47. Qbe7# 1-0


[Site "https://www.chess.com"]

[Event "Titled Tuesday Blitz August 1 Early 2023"]
[White "Arias, Juan Cruz"]
[Black "Sliwicki, Damian"]
[WhiteFideId "118540"]
[BlackFideId "1127128"]
[WhiteElo "2631"]
[BlackElo "2421"]
[Result "1-0"]
[Round "6"]
[TimeControl "180+1"]
[Date "2023.08.01"]
[WhiteClock "0:01:11"]
[BlackClock "0:00:56"]
[Board "138"]

1. e4 c5 2. Nc3 g6 3. d4 cxd4 4. Qxd4 Nf6 5. Bb5 a6 6. e5 Ng8 7. e6 Nf6 8. exd7+ Bxd7 9. Bxd7+ Qxd7 10. Qh4 Bg7 11. Nf3 O-O 12. Bh6 Qe6+ 13. Kf1 Bxh6 14. Qxh6 Qc4+ 15. Kg1 Nc6 16. Re1 Rad8 17. h3 Nd4 18. Nxd4 Qxd4 19. Re2 Nh5 20. Kh2 Nf4 21. Re4 Qxf2 22. Rxf4 Qxc2 23. Rh4 g5 24. Qxg5+ Kh8 25. Qe5+ f6 26. Qe4 Rd2 27. Rxh7+ Kg8 28. Qxc2 Rxc2 29. Rxe7 Rxb2 30. Rd1 Rc8 31. Ne4 Kf8 32. Rh7 1-0


[Site "https://www.chess.com"]

[Event "Titled Tuesday Blitz August 1 Early 2023"]
[White "Fernandez Garcia, Gumersindo"]
[Black "Burmakin, Vladimir"]
[WhiteFideId "24516740"]
[BlackFideId "4105109"]
[WhiteElo "2420"]
[BlackElo "2597"]
[Result "0-1"]
[Round "6"]
[TimeControl "180+1"]
[Date "2023.08.01"]
[WhiteClock "0:00:14"]
[BlackClock "0:01:30"]
[Board "139"]

1. e4 c6 2. c4 d5 3. cxd5 cxd5 4. exd5 Nf6 5. Nc3 Nxd5 6. Nf3 e6 7. d4 Nxc3 8. bxc3 Qc7 9. Bd2 Be7 10. Bd3 Nd7 11. O-O O-O 12. Rc1 Rd8 13. Qe2 Nf8 14. Ne5 b6 15. Qf3 Bf6 16. Nxf7 Kxf7 17. Qxa8 Bb7 18. Qxa7 Ra8 19. Qxa8 Bxa8 20. Rfe1 Bd5 21. a4 Bc4 22. Be4 Ng6 23. g3 Ne7 24. Bf4 Qd7 25. Rb1 Nd5 26. Bxd5 Bxd5 27. Rxb6 Qxa4 28. h4 Qc2 29. Rbb1 Qxc3 30. Be5 Qf3 31. Kf1 Qg2+ 32. Ke2 Bxe5 33. dxe5 Bc4+ 34. Ke3 Qd5 35. f4 Qd3+ 36. Kf2 Bd5 37. Re3 Qxb1 0-1


[Site "https://www.chess.com"]

[Event "Titled Tuesday Blitz August 1 Early 2023"]
[White "Piesik, Piotr"]
[Black "Harriott, Tyrell"]
[WhiteFideId "1136194"]
[BlackFideId "2086484"]
[WhiteElo "2594"]
[BlackElo "2419"]
[Result "1-0"]
[Round "6"]
[TimeControl "180+1"]
[Date "2023.08.01"]
[WhiteClock "0:01:13"]
[BlackClock "0:00:00"]
[Board "140"]

1. Nf3 e6 2. g3 d5 3. Bg2 Bd6 4. O-O f5 5. d3 Nf6 6. Nbd2 f4 7. e4 fxe3 8. fxe3 Ng4 9. Qe2 O-O 10. Nb3 Qe8 11. h3 Ne5 12. g4 Nbc6 13. Nbd4 Ng6 14. Nxc6 bxc6 15. Bd2 e5 16. e4 Nf4 17. Bxf4 Rxf4 18. Nd2 Rxf1+ 19. Rxf1 Be6 20. Nf3 Bd7 21. Nh4 g6 22. exd5 Rb8 23. c3 Qe7 24. dxc6 Be6 25. Nf3 Bxa2 26. b4 Bd5 27. Nd2 Be6 28. Ne4 Kg7 29. Ra1 Ra8 30. Qe3 Qh4 31. Rxa7 Rf8 32. Nxd6 Kh8 33. Qxe5+ Kg8 34. Qxe6+ Kh8 35. Nf7+ Kg8 36. Nh6+ Kg7 37. Rxc7+ Kxh6 38. Qe3+ g5 39. Qe6+ 1-0


[Site "https://www.chess.com"]

[Event "Titled Tuesday Blitz August 1 Early 2023"]
[White "Cheer_Down"]
[Black "Perdomo, Carlos Andres"]
[BlackFideId "4400852"]
[WhiteElo "2416"]
[BlackElo "2592"]
[Result "0-1"]
[Round "6"]
[TimeControl "180+1"]
[Date "2023.08.01"]
[WhiteClock "0:00:43"]
[BlackClock "0:00:21"]
[Board "141"]

1. e4 c5 2. Nf3 e6 3. g3 b6 4. Bg2 Bb7 5. Nc3 Nf6 6. O-O Nxe4 7. Nxe4 Bxe4 8. d4 Nc6 9. Re1 Bxf3 10. Bxf3 Nxd4 11. Bxa8 Qxa8 12. Re3 Be7 13. c3 Nf5 14. Re1 d5 15. a4 O-O 16. a5 b5 17. a6 Qc6 18. b3 Bf6 19. Bd2 Nd6 20. f3 d4 21. Rc1 Qxa6 22. Qe2 c4 23. bxc4 Nxc4 24. cxd4 Bxd4+ 25. Kf1 Nxd2+ 26. Qxd2 e5 27. Kg2 Qb7 28. Qa5 a6 29. Rc7 Qa8 30. Rec1 h6 31. R1c6 Qe8 32. Qxa6 e4 33. Qxb5 exf3+ 34. Kxf3 Qe3+ 35. Kg2 Qe4+ 36. Kh3 Be5 37. Re7 Qf5+ 38. Kg2 Qe4+ 39. Kh3 Qf5+ 40. Kg2 Qe4+ 41. Kf1 Qf3+ 42. Ke1 Bc3+ 43. Rxc3 Qxc3+ 44. Kf1 Qf6+ 45. Kg2 Qxe7 0-1


[Site "https://www.chess.com"]

[Event "Titled Tuesday Blitz August 1 Early 2023"]
[White "brm72"]
[Black "Der_Balak_3Halak"]
[WhiteElo "2590"]
[BlackElo "2413"]
[Result "1-0"]
[Round "6"]
[TimeControl "180+1"]
[Date "2023.08.01"]
[WhiteClock "0:00:20"]
[BlackClock "0:00:07"]
[Board "142"]

1. e4 e5 2. Nf3 Nc6 3. d4 exd4 4. Nxd4 Bc5 5. Nb3 Bb6 6. Qe2 Nf6 7. e5 Nd5 8. c4 Ndb4 9. c5 Bxc5 10. Nxc5 Nd4 11. Qg4 Qe7 12. Qxg7 Rf8 13. Ne4 Nbc2+ 14. Kd1 Nxa1 15. Nf6+ Kd8 16. Bh6 Ne6 17. Qxh7 Qc5 18. Nc3 Qxe5 19. Bxf8 Nxf8 20. Qxf7 c6 21. Qxf8+ Kc7 22. Bd3 d6 23. Ne8+ Kb6 24. Re1 Bg4+ 25. f3 Qd4 26. Qxd6 Qxd6 27. Nxd6 Rd8 28. Nc4+ Kc5 29. Kd2 Bf5 30. Ne4+ Bxe4 31. fxe4 b5 32. Ne3 Kd4 33. Rxa1 Rf8 34. Nf5+ Ke5 35. Ke3 Rd8 36. Rc1 c5 37. Rxc5+ Kf6 38. Rxb5 Kg5 39. Ra5 Kg4 40. Rxa7 Rh8 41. Rg7+ Kh5 42. g4# 1-0


[Site "https://www.chess.com"]

[Event "Titled Tuesday Blitz August 1 Early 2023"]
[White "Derige Kane, Yan"]
[Black "Tsyhanchuk, Stanislav"]
[WhiteFideId "20665431"]
[BlackFideId "13505130"]
[WhiteElo "2589"]
[BlackElo "2413"]
[Result "1-0"]
[Round "6"]
[TimeControl "180+1"]
[Date "2023.08.01"]
[WhiteClock "0:01:10"]
[BlackClock "0:00:24"]
[Board "143"]

1. d4 Nf6 2. c4 e6 3. Nc3 Bb4 4. e3 O-O 5. Bd3 c5 6. Ne2 d5 7. O-O cxd4 8. exd4 dxc4 9. Bxc4 Nc6 10. Bg5 Be7 11. a3 h6 12. Bh4 a6 13. Rc1 b5 14. Ba2 Bb7 15. Bb1 Na5 16. Qc2 g6 17. Qd2 Kg7 18. Bg3 Nb3 19. Qe3 Nxc1 20. Rxc1 Rc8 21. Nf4 Nd5 22. Ncxd5 Rxc1+ 23. Qxc1 Bxd5 24. Qc2 Qc8 25. Qd3 Qc4 26. Qe3 Rc8 27. Ne2 Bf6 28. h4 h5 29. Kh2 Bb7 30. Bd3 Qd5 31. f3 Rd8 32. Be4 Qd7 33. Be5 Bxe5+ 34. dxe5 Bxe4 35. Qxe4 Qd3 36. Qf4 Qf5 37. Qe3 Kg8 38. Ng3 Qd3 39. Qg5 Kh7 40. Qf6 Rd7 41. Ne4 Qd4 42. Qg5 Kh8 43. Qh6+ Kg8 44. Nf6# 1-0


[Site "https://www.chess.com"]

[Event "Titled Tuesday Blitz August 1 Early 2023"]
[White "FuenfgegenWilly"]
[Black "Borgaonkar Akshay"]
[BlackFideId "25639110"]
[WhiteElo "2412"]
[BlackElo "2568"]
[Result "0-1"]
[Round "6"]
[TimeControl "180+1"]
[Date "2023.08.01"]
[WhiteClock "0:00:08"]
[BlackClock "0:01:18"]
[Board "144"]

1. e4 c5 2. Nc3 e6 3. f4 a6 4. Nf3 b5 5. d3 Bb7 6. g3 Nc6 7. Bg2 h5 8. h3 Nf6 9. O-O Qc7 10. e5 Nh7 11. Ne4 O-O-O 12. a4 b4 13. Be3 Na5 14. c3 b3 15. Nfd2 f5 16. exf6 Nxf6 17. Nxb3 Nxb3 18. Qxb3 c4 19. Qd1 cxd3 20. Qxd3 d5 21. Nxf6 gxf6 22. a5 Bc5 23. Bxc5 Qxc5+ 24. Qd4 Qe7 25. c4 e5 26. fxe5 fxe5 27. Qb6 d4 28. Rf6 Bxg2 29. Kxg2 Qb7+ 30. Rc6+ Kb8 31. Rf1 Rd7 32. Qc5 Rc8 33. Rf8 Rc7 34. Rxc8+ Rxc8 35. Qxe5+ Ka8 36. Qxd4 Qxc6+ 37. Kh2 Qxc4 38. Qd6 Qc2+ 39. Kg1 Qc1+ 40. Kf2 Rc2+ 41. Kf3 Qf1+ 42. Ke4 Re2+ 0-1


[Site "https://www.chess.com"]

[Event "Titled Tuesday Blitz August 1 Early 2023"]
[White "Tologon tegin, Semetei"]
[Black "Silva Lucena, Cristian"]
[WhiteFideId "13800574"]
[BlackFideId "2232588"]
[WhiteElo "2564"]
[BlackElo "2406"]
[Result "1-0"]
[Round "6"]
[TimeControl "180+1"]
[Date "2023.08.01"]
[WhiteClock "0:00:09"]
[BlackClock "0:00:00"]
[Board "145"]

1. e4 c6 2. Nc3 d5 3. Nf3 Bg4 4. h3 Bxf3 5. Qxf3 e6 6. g3 Nf6 7. Bg2 Bb4 8. e5 Nfd7 9. Qe2 Qc7 10. f4 a6 11. O-O c5 12. d3 Nc6 13. Nd1 Nd4 14. Qf2 Ba5 15. c3 Nc6 16. Be3 g6 17. d4 cxd4 18. cxd4 h5 19. Rc1 Rc8 20. Nc3 Qb8 21. a3 Qa7 22. f5 gxf5 23. Nxd5 Bd8 24. Nf4 Qb8 25. d5 Ncxe5 26. dxe6 fxe6 27. Nxe6 Rxc1 28. Bxc1 Bb6 29. Be3 Bxe3 30. Qxe3 Qd6 31. Ng7+ Kd8 32. Nxf5 Qc5 33. Nd4 Re8 34. Rd1 Kc8 35. Rc1 Nf3+ 36. Qxf3 Qxc1+ 37. Kh2 Qc7 38. Qxh5 Rg8 39. Nf5 Kb8 40. Qf3 Ne5 41. Qd5 Rf8 42. Nd4 Rh8 43. Qe4 Qg7 44. Ne6 Ng4+ 45. Kg1 Qxb2 46. Qxg4 Qxa3 47. Qe4 Qa1+ 48. Kh2 Qb2 49. Nd4 Rd8 50. Ne6 Rd2 51. Qf4+ Ka7 52. Qe3+ Kb8 53. Qf4+ Ka7 54. Qe4 Re2 55. Qd5 Rd2 56. Qc5+ Kb8 57. Nf4 Qb5 58. Qf8+ Ka7 59. h4 Qc6 60. h5 Qc1 61. h6 1-0


[Site "https://www.chess.com"]

[Event "Titled Tuesday Blitz August 1 Early 2023"]
[White "Degenbaev, Aziz"]
[Black "Pershina, Elena"]
[WhiteFideId "13802640"]
[BlackFideId "24147516"]
[WhiteElo "2562"]
[BlackElo "2405"]
[Result "1/2-1/2"]
[Round "6"]
[TimeControl "180+1"]
[Date "2023.08.01"]
[WhiteClock "0:00:18"]
[BlackClock "0:00:07"]
[Board "146"]

1. d4 d5 2. Nf3 Nf6 3. c4 c6 4. Nc3 dxc4 5. a4 Bf5 6. e3 Nbd7 7. Bxc4 e6 8. O-O Bb4 9. Qe2 Ne4 10. Nxe4 Bxe4 11. Nd2 Bd5 12. Bd3 e5 13. e4 Be6 14. d5 cxd5 15. exd5 Bxd5 16. Qg4 Qe7 17. Qxg7 O-O-O 18. Qh6 Rdg8 19. f3 Bc5+ 20. Kh1 Qf6 21. Ne4 Qxh6 22. Bxh6 Bd4 23. Rac1+ Kb8 24. b4 Rg6 25. Bd2 f5 26. Ng3 e4 27. fxe4 fxe4 28. Bxe4 Bxe4 29. Nxe4 Rhg8 30. Bf4+ Ka8 31. Ng3 a6 32. b5 Nc5 33. bxa6 Rxa6 34. Rc4 Rd8 35. Rd1 Ne6 36. Bc1 Rc6 37. Rxc6 bxc6 38. Nf5 c5 39. g4 Kb7 40. Kg2 Kc6 41. Kf3 Ra8 42. Be3 Rxa4 43. Bxd4 Nxd4+ 44. Nxd4+ cxd4 45. h3 Kd5 46. Rb1 Ra3+ 47. Kg2 Ke4 48. Rb7 d3 49. Re7+ Kf4 50. Rxh7 Ra2+ 51. Kf1 Kf3 52. Ke1 Ke3 53. Re7+ Kf3 54. g5 Rh2 55. Rd7 Ke3 56. Re7+ Kf3 57. Rh7 Ke3 58. Re7+ Kf3 1/2-1/2


[Site "https://www.chess.com"]

[Event "Titled Tuesday Blitz August 1 Early 2023"]
[White "Diaz Herquinio, Brahian"]
[Black "Hajiyev, Kanan"]
[WhiteFideId "3809480"]
[BlackFideId "13404148"]
[WhiteElo "2404"]
[BlackElo "2561"]
[Result "1-0"]
[Round "6"]
[TimeControl "180+1"]
[Date "2023.08.01"]
[WhiteClock "0:00:19"]
[BlackClock "0:01:08"]
[Board "147"]

1. e4 c6 2. d4 d5 3. Nc3 a6 4. Nf3 Bg4 5. Be2 e6 6. h3 Bh5 7. Ne5 Bxe2 8. Qxe2 Nf6 9. exd5 cxd5 10. O-O Nc6 11. Nxc6 bxc6 12. Na4 Bd6 13. Bg5 h6 14. Bxf6 Qxf6 15. Rfd1 O-O 16. c4 a5 17. Rac1 Bf4 18. Rc3 Rab8 19. g3 Bd6 20. b3 Bb4 21. Rc2 Rfd8 22. Kg2 Qf5 23. Qd3 Qf6 24. cxd5 cxd5 25. Nc5 Bxc5 26. Rxc5 Ra8 27. Qc3 Rdb8 28. Rd3 h5 29. Rxa5 Rxa5 30. Qxa5 Qf5 31. Qc7 Ra8 32. Rf3 Qg6 33. a4 h4 34. g4 f5 35. Rf4 Kh7 36. Kh2 Qg5 37. gxf5 Rf8 38. a5 Rxf5 39. Rxf5 Qxf5 40. Kg2 Qe4+ 41. Kh2 Qxd4 42. Qf7 Qe5+ 43. Kg2 Qe4+ 44. Qf3 Qb4 45. a6 Qa3 46. Qh5+ Kg8 47. Qe8+ Kh7 48. Qxe6 d4 49. Qe4+ Kg8 50. Qxd4 Qxa6 51. Qc4+ Qxc4 52. bxc4 Kf7 53. Kf3 Ke6 54. Kg4 Ke5 55. Kxh4 Kd4 56. Kg5 Kxc4 57. Kg6 Kd4 58. Kxg7 Ke5 59. h4 Kf5 60. h5 Kg5 61. h6 1-0


[Site "https://www.chess.com"]

[Event "Titled Tuesday Blitz August 1 Early 2023"]
[White "robertoalejandro10"]
[Black "Dishman, Stephen"]
[BlackFideId "403024"]
[WhiteElo "2561"]
[BlackElo "2402"]
[Result "1-0"]
[Round "6"]
[TimeControl "180+1"]
[Date "2023.08.01"]
[WhiteClock "0:00:09"]
[BlackClock "0:00:07"]
[Board "148"]

1. Nf3 d5 2. b3 Bg4 3. Bb2 Nd7 4. g3 Bxf3 5. exf3 e6 6. f4 Ngf6 7. Bg2 g6 8. O-O Bg7 9. d3 O-O 10. Nd2 a5 11. a4 c6 12. Nf3 Ng4 13. Bxg7 Kxg7 14. Re1 Qc7 15. Qd2 Rae8 16. Qc3+ f6 17. b4 axb4 18. Qxb4 e5 19. h3 Nh6 20. fxe5 fxe5 21. Rab1 b6 22. Re2 Nf5 23. Rbe1 c5 24. Qb2 d4 25. Qb3 Re7 26. Ng5 Rfe8 27. Bd5 Qd6 28. Bg2 h6 29. Ne4 Qc7 30. Nd2 Nd6 31. Nc4 Nxc4 32. Qxc4 Nf6 33. Rb1 Qd6 34. Qb5 Re6 35. Qa6 R8e7 36. a5 bxa5 37. Qxa5 e4 38. dxe4 Nxe4 39. Bxe4 Rxe4 40. Rxe4 Rxe4 41. Rb7+ Re7 42. Qa7 Rxb7 43. Qxb7+ Kf6 44. Qf3+ Kg7 45. Qb7+ Kf6 46. Qf3+ Kg7 47. Qe4 Kf6 48. h4 g5 49. h5 Qe5 50. Qg6+ Ke7 51. Qxh6 Qe1+ 52. Kg2 Qe4+ 53. Kg1 Qe1+ 54. Kg2 Qe4+ 55. Kh2 Qf5 56. Qg7+ Kd6 57. Qh6+ Kd5 58. Kg1 Qxc2 59. Qxg5+ Kc4 60. h6 Qd1+ 61. Kg2 Qe2 62. Qg8+ Kc3 63. h7 Qe4+ 64. Kh2 Qf3 65. Kg1 Qd1+ 66. Kg2 Qh5 67. h8=Q Qd5+ 68. Qxd5 1-0


[Site "https://www.chess.com"]

[Event "Titled Tuesday Blitz August 1 Early 2023"]
[White "Ahmad, Khagan"]
[Black "Ladan, Nicholas"]
[WhiteFideId "13431552"]
[BlackFideId "30918855"]
[WhiteElo "2560"]
[BlackElo "2401"]
[Result "1-0"]
[Round "6"]
[TimeControl "180+1"]
[Date "2023.08.01"]
[WhiteClock "0:00:08"]
[BlackClock "0:00:00"]
[Board "149"]

1. e4 e5 2. Nf3 Nc6 3. Bc4 Nf6 4. O-O Nxe4 5. d4 d5 6. Bb5 exd4 7. Nxd4 Bd7 8. Re1 Bd6 9. Bxc6 bxc6 10. Nc3 O-O 11. Nxe4 dxe4 12. Rxe4 c5 13. Nf3 Bc6 14. Re1 Qf6 15. Qd3 Rad8 16. Bg5 Qxb2 17. Bxd8 Rxd8 18. Qf5 g6 19. Qg5 Rb8 20. Ne5 h6 21. Qf6 Bxe5 22. Qxe5 Qxe5 23. Rxe5 Rb5 24. h4 Ra5 25. Re7 Ba4 26. Rd1 1-0


[Site "https://www.chess.com"]

[Event "Titled Tuesday Blitz August 1 Early 2023"]
[White "Gauravthegm"]
[Black "Nurgaliyeva, Zarina"]
[BlackFideId "13730096"]
[WhiteElo "2394"]
[BlackElo "2549"]
[Result "1-0"]
[Round "6"]
[TimeControl "180+1"]
[Date "2023.08.01"]
[WhiteClock "0:00:18"]
[BlackClock "0:00:00"]
[Board "150"]

1. e4 e5 2. Nf3 Nc6 3. Bc4 Nf6 4. d3 h6 5. Nc3 Bc5 6. h3 d6 7. a3 a6 8. b4 Ba7 9. O-O O-O 10. Be3 Be6 11. Ba2 d5 12. Bxa7 Rxa7 13. exd5 Nxd5 14. Nxd5 Bxd5 15. Bxd5 Qxd5 16. c4 Qd6 17. Qe2 Raa8 18. Rfe1 Rfe8 19. Qe4 Rad8 20. Rad1 Re6 21. b5 axb5 22. cxb5 Na5 23. Nxe5 b6 24. Qf5 Rf6 25. Qh5 Qc5 26. d4 Rxd4 27. Rxd4 Qxd4 28. Ng4 Rg6 29. Qf5 Qc4 30. Re8+ Kh7 31. Ne5 Qd5 32. Rh8+ Kxh8 33. Nxg6+ 1-0


[Site "https://www.chess.com"]

[Event "Titled Tuesday Blitz August 1 Early 2023"]
[White "Namitbir Singh Walia"]
[Black "Porter, Ryan W"]
[WhiteFideId "35071068"]
[BlackFideId "2011239"]
[WhiteElo "2393"]
[BlackElo "2540"]
[Result "1-0"]
[Round "6"]
[TimeControl "180+1"]
[Date "2023.08.01"]
[WhiteClock "0:00:12"]
[BlackClock "0:00:10"]
[Board "151"]

1. e4 d5 2. exd5 c6 3. dxc6 Nxc6 4. Nf3 e5 5. d3 h6 6. Nc3 g5 7. h3 Bg7 8. Be3 Nge7 9. Qd2 O-O 10. O-O-O Nd4 11. h4 g4 12. Nh2 Kh7 13. Be2 f5 14. g3 b5 15. f3 b4 16. Nb1 Bb7 17. Rhf1 Nxe2+ 18. Qxe2 gxf3 19. Nxf3 Qa5 20. a3 bxa3 21. Nxa3 Rac8 22. Nd2 Nd5 23. Ndc4 Qb4 24. Bd2 Qc5 25. g4 f4 26. g5 Nb6 27. gxh6 Kxh6 28. Rg1 Nxc4 29. Nxc4 Rf6 30. Qg4 Rc7 31. Qg5+ Kh7 32. Qh5+ Kg8 33. Bc3 Ra6 34. Kb1 Bd5 35. Bxe5 Bxc4 36. dxc4 Qa5 37. Rd8# 1-0


[Site "https://www.chess.com"]

[Event "Titled Tuesday Blitz August 1 Early 2023"]
[White "Gombocz, Ferenc Jr."]
[Black "Remolar Gallen, Jose"]
[WhiteFideId "775029"]
[BlackFideId "2215187"]
[WhiteElo "2391"]
[BlackElo "2534"]
[Result "0-1"]
[Round "6"]
[TimeControl "180+1"]
[Date "2023.08.01"]
[WhiteClock "0:00:08"]
[BlackClock "0:00:22"]
[Board "152"]

1. d4 Nf6 2. Nf3 g6 3. Bf4 Bg7 4. e3 O-O 5. Be2 d6 6. h3 Nc6 7. O-O Nd7 8. Bh2 e5 9. c3 f5 10. Nbd2 e4 11. Ne1 Nf6 12. Qb3+ Kh8 13. f3 Qe7 14. d5 exf3 15. Rxf3 Ne5 16. Bxe5 dxe5 17. c4 b6 18. Rf1 a5 19. a3 Nd7 20. Nd3 Bh6 21. Nf2 Nc5 22. Qc3 Bg7 23. e4 a4 24. b4 axb3 25. Nxb3 Bd7 26. Nxc5 Qxc5 27. Qb4 Qe3 28. Bf3 Qg5 29. a4 Ra5 30. Rfc1 Rfa8 31. Bd1 Bf8 32. Qb2 Bd6 33. c5 bxc5 34. Bb3 Rb8 35. Qc3 Rb4 36. Nd3 Qe3+ 37. Kh1 Rd4 38. Qxa5 Rxd3 39. Bc4 Rd2 40. Qa8+ Kg7 41. Rg1 fxe4 42. Qd8 Bxh3 43. Raf1 Bxg2+ 44. Rxg2 Qh3+ 45. Kg1 Qxg2# 0-1


[Site "https://www.chess.com"]

[Event "Titled Tuesday Blitz August 1 Early 2023"]
[White "Bueno, Alfeu Junior Varela"]
[Black "Eynullayev, Altay"]
[WhiteFideId "2108879"]
[BlackFideId "13413562"]
[WhiteElo "2390"]
[BlackElo "2529"]
[Result "1-0"]
[Round "6"]
[TimeControl "180+1"]
[Date "2023.08.01"]
[WhiteClock "0:00:41"]
[BlackClock "0:00:01"]
[Board "153"]

1. e4 c5 2. Nc3 d6 3. f4 g6 4. Nf3 Bg7 5. Bb5+ Bd7 6. O-O Bxb5 7. Nxb5 a6 8. Nc3 Nc6 9. d3 e6 10. f5 gxf5 11. exf5 Nf6 12. fxe6 fxe6 13. Ng5 Nd4 14. Nce4 O-O 15. c3 Nxe4 16. dxe4 Rxf1+ 17. Qxf1 h6 18. Qf7+ Kh8 19. Qh5 Qf6 20. cxd4 Qxd4+ 21. Kh1 Rf8 22. Nf7+ Rxf7 23. Bxh6 Qd5 1-0


[Site "https://www.chess.com"]